 Dungeon Crawl Stone Soup version 0.21-a0-538-gd16b88a (webtiles) character file.

27 Lanoc the Grave Robber (level 2, -2/19 HPs)
             Began as a Mummy Necromancer on Dec 16, 2017.
             Slain by an orc
             ... wielding a +0 short sword
              (6 damage)
             ... on level 2 of the Dungeon.
             The game lasted 00:06:04 (1495 turns).

Lanoc the Grave Robber (Mummy Necromancer)          Turns: 1495, Time: 00:06:04

Health: -2/19      AC:  3    Str: 11    XL:     2   Next: 93%
Magic:  0/6        EV:  8    Int: 14    God:
Gold:   102        SH:  6    Dex: 12    Spells: 5/7 levels left

rFire    x . .     SeeInvis .   (no weapon)
rCold    + . .     Gourm    .   h - +0 shield
rNeg     + + +     Faith    .   e - +0 leather armour (curse)
rPois    ∞         Spirit   .   (no helmet)
rElec    .         Reflect  .   (no cloak)
rCorr    +         Harm     .   (no gloves)
MR       .....                  (no boots)
Stlth    +.........             (no amulet)
HPRegen  0.06/turn              c - ring of resist corrosion
MPRegen  0.10/turn              (no ring)

@: very slightly contaminated, heavily drained
A: no food or potions, fire vulnerability, cold resistance 1, negative energy
resistance 3, torment resistance, unbreathing
a: no special abilities


You were on level 2 of the Dungeon.
You were not hungry.

You visited 1 branch of the dungeon, and saw 2 of its levels.

You collected 102 gold pieces.

Inventory:

Armour
 a - a +0 robe
 e - a cursed +0 leather armour (worn)
 h - a +0 shield (worn)
Jewellery
 c - a ring of resist corrosion (left hand)
Scrolls
 d - a scroll of immolation
 f - a scroll of remove curse {unknown}
 g - a scroll of identify {unknown}
 i - a scroll of magic mapping {unknown}
Books
 b - a book of Necromancy

   Spells                             Type                      Level
   a - Pain                           Necromancy                   1
   b - Animate Skeleton               Necromancy                   1
   c - Vampiric Draining              Necromancy                   3
   d - Regeneration                   Charms/Necromancy            3
   e - Animate Dead                   Necromancy                   4
   f - Control Undead                 Necromancy                   4


   Skills:
 + Level 0.0 Armour
 + Level 1.9(0.5) Dodging
 - Level 1.5(0.1) Stealth
 + Level 0.1(0.0) Shields
 + Level 3.1(1.7) Spellcasting
 * Level 4.5(2.9) Necromancy


You had 5 spell levels left.
You knew the following spells:

 Your Spells              Type           Power        Failure   Level  Hunger
a - Pain                  Necr           #...         54%         1    N/A
b - Animate Skeleton      Necr           N/A          54%         1    N/A

Dungeon Overview and Level Annotations

Branches:
Dungeon (2/15)

Altars:


Innate Abilities, Weirdness & Mutations

You do not eat or drink.
Your flesh is vulnerable to fire.
You are immune to poison.
Your flesh is cold resistant. (rC+)
You are immune to negative energy. (rN+++)
You are immune to unholy pain and torment.
You can survive without breathing.


Message History

Press: ? - help, Shift-Dir - straight line, f/p - orc
Aim: an orc, wielding a short sword and wearing a leather armour (heavily wounded, chance to defeat MR: 76%)
The orc writhes in agony!
The orc closely misses you.
You closely miss the orc.
The orc is almost dead.
The orc hits you but does no damage.
You hit the orc but do no damage.
The orc is almost dead.
The orc barely misses you.
You closely miss the orc.
The orc is almost dead.
The orc hits you with a short sword.
You hit the orc but do no damage.
The orc is almost dead.
The orc hits you with a short sword.
* * * LOW HITPOINT WARNING * * *
Your shield and leather armour prevent you from hitting the orc.
The orc is almost dead.
The orc hits you with a short sword.
You die...

.....###...#####...##
.....#...⌠.......⌠..#
##.#...#...#####...##
#.##.###.##...##.##
#. #..
....)..#..###### ..
###........#.......#
#
..........#####.#####
........#..........#
.......o@..........#.
#########...........
##.)........
#.%.[..#...
#..........
.o.o#..........
...o#..........
o8..##.#........ ...#
#.#.#....#.


You could see an orc.

Vanquished Creatures
  2 dart slugs (D:1)
  2 leopard geckos (D:1)
  6 goblins
  A hobgoblin (D:1)
  6 kobolds (D:1)
  A bat (D:1)
  2 frilled lizards (D:1)
  A rat (D:1)
21 creatures vanquished.

Notes
Turn   | Place    | Note
-------+----------+-------------------------------------------
     0 | D:1      | Lanoc the Mummy Necromancer began the quest for the Orb.
     0 | D:1      | Reached XP level 1. HP: 13/13 MP: 4/4
   118 | D:1      | Learned a level 1 spell: Animate Skeleton
   625 | D:1      | Reached XP level 2. HP: 19/19 MP: 2/5
  1495 | D:2      | Slain by an orc

Vault maps used:
D:1:      roderic_crossed_star
D:2:      cheibrodos_pilgrimage, grunt_temple_overflow_diamond,
          grunt_temple_overflow_open, first_bread, minmay_misc_feat_tower

Skill      XL: |  1  2 |
---------------+-------+-----
Spellcasting   | 3 |  3.1
Dodging        | |  1.9
Stealth        | |  1.5
Shields        | |  0.1
Necromancy     | |  4.5

Action                   || total
-------------------------++-------
Melee: Unarmed           ||    23
 Cast: Pain              ||    55
       Animate Skeleton  ||     3
  Use: Scroll            ||     3
Armor: Leather armour    ||     2
Dodge: Dodged            ||    21
Block: Shield            ||     9

Table legend:
 A = Spawn XP
 B = Non-spawn XP
 C = Spawn XP percentage of total XP
 D = Spawn monster count
 E = Non-spawn monster count
 F = Spawn count percentage of total count
 G = Total turns spent on level
                    A         B        C        D         E        F      G
               +---------+---------+-------+---------+---------+-------+---------
         Total |       0 |      39 |   0.0 |       0 |      21 |   0.0 |  1495
               +---------+---------+-------+---------+---------+-------+---------
           D:1 |       0 |      34 |   0.0 |       0 |      18 |   0.0 |  1361
           D:2 |       0 |       5 |   0.0 |       0 |       3 |   0.0 |   134
               +---------+---------+-------+---------+---------+-------+---------
